 Dungeon Crawl Stone Soup version 0.30-a0-777-ga9a30cbeda (webtiles) character file.

Game seed: 8058415561690473597

228866 NinjaNoafa the Illuminatus (level 19, -4/159 HPs)
             Began as a Gnoll Conjurer on Feb 13, 2023.
             Was an Elder of Ashenzari.
             Killed from afar by a fire dragon (44 damage)
             ... with a blast of flame
             ... on level 14 of the Dungeon on Feb 14, 2023.
             The game lasted 04:17:06 (24825 turns).

NinjaNoafa the Illuminatus (Gnoll Conjurer)        Turns: 24825, Time: 04:17:07

Health: -4/159     AC: 23    Str: 13    XL:     19   Next: 43%
Magic:  46/49      EV: 15    Int: 31    God:    Ashenzari [****..]
Gold:   357        SH: 19    Dex:  7    Spells: 5/53 levels left

rFire   . . .      SeeInvis +    d - staff of death
rCold   . . .      Faith    .    s - +3 tower shield {reflect}
rNeg    + . .      Spirit   .    S - +1 ring mail of Apeoromancy {Regen+ Str+6 Dex-4 Stlth-, Comp, Bglg} (curse)
rPois   .          Reflect  +    f - +2 helmet "I Knew You'd Do That" {Range, Bglg} (curse)
rElec   +          Harm     .    F - +1 cloak of Starlight {*Dazzle EV+4 Stlth--, Elem, Comp} (curse)
rCorr   .          Rampage  .    y - +2 pair of gloves "Revealing Scepticism" {infuse, Comp, Bglg} (curse)
Will    +....      Clarity  +    o - +2 pair of boots of Ouranomancy {Comp, Self} (curse)
Stlth   +                        Q - amulet of the Cursed Planets {RegenMP, Fort, Self} (curse)
HPRegen 1.26/turn                i - ring of Buusif {rElec Int+6}
MPRegen 0.71/turn                M - ring of the Unyielding Gaze {MP+9, Comp, Self} (curse)

@: studying Ranged Weapons
A: fangs 1, strong nose, distributed training
}: 1/15 runes: barnacled
a: Renounce Religion, Curse Item, Shatter the Chains


You were on level 14 of the Dungeon.
You worshipped Ashenzari.
Ashenzari was greatly pleased with you.
You visited 6 branches of the dungeon, and saw 30 of its levels.

You collected 2913 gold pieces.
You spent 2556 gold pieces at shops.

Inventory:

Hand Weapons
 e - a +6 scimitar of flaming
Missiles
 l - 18 javelins
 w - 5 throwing nets
 D - 17 boomerangs
 G - 4 silver javelins
 H - 3 boomerangs of dispersal
 K - 4 silver boomerangs
Armour
 f - the cursed +2 helmet "I Knew You'd Do That" (worn) {Range, Bglg}
   (You found it on level 1 of the Dungeon)

   It has a curse which improves the following skills: Ranged Combat: Ranged
   Weapons and Throwing.
   Beguiling: Conjurations, Hexes and Translocations.
 o - the cursed +2 pair of boots of Ouranomancy (worn) {Comp, Self}
   (You found it on level 2 of the Dungeon)

   It has a curse which improves the following skills: Companions: Summonings
   and Necromancy.
   Introspection: Fighting and Spellcasting.
 s - a +3 tower shield of reflection (worn)
 y - the cursed +2 pair of gloves "Revealing Scepticism" (worn) {infuse, Comp, Bglg}
   (You bought it in a shop on level 7 of the Dungeon)

   It has a curse which improves the following skills: Companions: Summonings
   and Necromancy.
   Beguiling: Conjurations, Hexes and Translocations.
 F - the cursed +1 cloak of Starlight (worn) {*Dazzle EV+4 Stlth--, Elem, Comp}
   (You bought it in a shop on level 7 of the Dungeon)

   *Dazzle:   It may blind those who miss an attack against the wearer in melee
   combat.
   EV:        It affects your evasion (+4).
   Stlth:     It makes you much less stealthy.
   It has a curse which improves the following skills: Elements: Fire Magic, Ice
   Magic, Air Magic and Earth Magic.
   Companions: Summonings and Necromancy.
 S - the cursed +1 ring mail of Apeoromancy (worn) {Regen+ Str+6 Dex-4 Stlth-, Comp, Bglg}
   (You found it on level 2 of the Lair of Beasts)

   Str:       It affects your strength (+6).
   Dex:       It affects your dexterity (-4).
   Regen:     It increases your rate of health regeneration.
   Stlth:     It makes you less stealthy.
   It has a curse which improves the following skills: Companions: Summonings
   and Necromancy.
   Beguiling: Conjurations, Hexes and Translocations.
Magical Staves
 a - a staff of air
 c - a staff of conjuration
 d - a staff of death (weapon)
Jewellery
 i - the ring of Buusif (left hand) {rElec Int+6}
   (You bought it in a shop on level 7 of the Dungeon)

   [ring of intelligence]

   Int:       It affects your intelligence (+6).
   rElec:     It insulates you from electricity.
 M - the cursed ring of the Unyielding Gaze (right hand) {MP+9, Comp, Self}
   (You found it on level 9 of the Dungeon)

   [ring of magical power]

   MP:        It affects your magic capacity (+9).
   It has a curse which improves the following skills: Companions: Summonings
   and Necromancy.
   Introspection: Fighting and Spellcasting.
 Q - the cursed amulet of the Cursed Planets (around neck) {RegenMP, Fort, Self}
   (You found it on level 1 of the Lair of Beasts)

   [amulet of magic regeneration]

   It increases your rate of magic regeneration.
   It has a curse which improves the following skills: Fortitude: Armour and
   Shields.
   Introspection: Fighting and Spellcasting.
Wands
 n - a wand of iceblast (8)
 t - a wand of charming (50)
 N - a wand of flame (29)
 V - a wand of polymorph (5)
Scrolls
 g - 2 scrolls of immolation
 q - 4 scrolls of fear
 u - a scroll of summoning
 B - 2 scrolls of torment
 C - a scroll of magic mapping
 E - 5 scrolls of fog
 J - 5 scrolls of blinking
 P - 5 scrolls of poison
 U - 10 scrolls of teleportation
 X - 8 scrolls of vulnerability
Potions
 h - 7 potions of magic
 j - 3 potions of invisibility
 k - 8 potions of might
 m - 6 potions of mutation
 p - 8 potions of curing
 r - 5 potions of attraction
 v - 5 potions of flight
 x - 2 potions of cancellation
 z - 6 potions of heal wounds
 A - a potion of brilliance
 I - 6 potions of lignification
 L - 4 potions of haste
 R - 2 potions of ambrosia
 T - 3 potions of resistance
 Z - a potion of berserk rage
Miscellaneous
 b - a tin of tremorstones (2/2)
 O - a lightning rod (4/4)
 W - a condenser vane


   Skills:
 + Level 13.0(16.8) Fighting
 + Level 13.0 Short Blades
 + Level 13.0 Long Blades
 + Level 13.0 Axes
 + Level 13.0 Maces & Flails
 + Level 13.0 Polearms
 + Level 13.0 Staves
 + Level 13.4(15.3) Ranged Weapons
 + Level 13.0(14.9) Throwing
 + Level 13.0(14.9) Armour
 + Level 13.7 Dodging
 + Level 13.6 Stealth
 + Level 13.0(14.9) Shields
 + Level 13.0 Unarmed Combat
 + Level 13.9(17.7) Spellcasting
 + Level 13.0(16.8) Conjurations
 + Level 11.0(14.9) Hexes
 + Level 11.0(16.5) Summonings
 + Level 11.0(16.5) Necromancy
 + Level 11.0(14.9) Translocations
 + Level 11.0 Transmutations
 + Level 11.0(13.0) Fire Magic
 + Level 11.0(13.0) Ice Magic
 + Level 11.0(13.0) Air Magic
 + Level 11.0(13.0) Earth Magic
 + Level 11.0 Poison Magic
 + Level 14.1 Invocations
 + Level 13.0 Evocations


You had 5 spell levels left.
You knew the following spells:

 Your Spells              Type           Power      Damage    Failure   Level
a - Wereblood             Tmut           77%        N/A       1%          2
b - Summon Cactus Giant   Summ           46%        N/A       1%          6
c - Malign Gateway        Summ/Tloc      45%        N/A       12%         7
d - Simulacrum            Ice/Necr       54%        N/A       3%          6
e - Death Channel         Necr           57%        N/A       1%          6
f - Freezing Cloud        Conj/Ice/Air   43%        6-21      1%          5
g - Blink                 Tloc           100%       N/A       1%          2
h - Passage of Golubria   Tloc           88%        N/A       1%          4
i - Summon Forest         Summ/Tloc      45%        N/A       1%          5
j - Silence               Hex/Air        42%        N/A       1%          5

Your spell library contained the following spells:

 Spells                   Type           Power      Damage    Failure   Level
 Magic Dart               Conj           100%       1d8       0%          1
 Summon Small Mammal      Summ           100%       N/A       0%          1
 Searing Ray              Conj           100%       2d8       0%          2
 Sublimation of Blood     Necr           100%       N/A       0%          2
 Apportation              Tloc           100%       N/A       1%          1
 Beastly Appendage        Tmut           100%       N/A       1%          1
 Cigotuvi's Dreadful Rot  Necr/Pois/Air  100%       N/A       1%          2
 Ensorcelled Hibernation  Hex/Ice        100%       N/A       1%          2
 Lesser Beckoning         Tloc           100%       N/A       1%          2
 Momentum Strike          Conj/Tloc      100%       3d10      1%          2
 Poisonous Vapours        Pois/Air       100%       N/A       1%          2
 Call Canine Familiar     Summ           92%        N/A       1%          3
 Dazzling Flash           Conj/Hex       100%       N/A       1%          3
 Gell's Gravitas          Tloc           88%        N/A       1%          3
 Mephitic Cloud           Conj/Pois/Air  84%        N/A       1%          3
 Ozocubu's Armour         Ice            83%        N/A       1%          3
 Spider Form              Tmut/Pois      77%        N/A       1%          3
 Summon Guardian Golem    Hex/Summ       90%        N/A       1%          3
 Teleport Other           Tloc           88%        N/A       1%          3
 Anguish                  Hex/Necr       56%        N/A       1%          4
 Fulminant Prism          Conj/Hex       45%        3d21      1%          4
 Iskenderun's Mystic Bla  Conj/Tloc      90%        2d18      1%          4
 Petrify                  Tmut/Erth      80%        N/A       1%          4
 Irradiate                Conj/Tmut      42%        3d25      1%          5
 Summon Mana Viper        Hex/Summ       90%        N/A       1%          5
 Alistair's Intoxication  Tmut/Pois      51%        N/A       2%          5
 Ozocubu's Refrigeration  Ice            41%        4d16      36%         7
 Summon Horrible Things   Summ           46%        N/A       54%         8
 Lehudib's Crystal Spear  Conj/Erth      44%        10d11     78%         8
 Polar Vortex             Ice            41%        N/A       100%        9


Dungeon Overview and Level Annotations

Branches:
Dungeon (14/15)            Temple (1/1) D:7            Lair (5/5) D:9
 Shoals (4/4) Lair:3        Snake (4/4) Lair:3        Slime (0/5) Lair:5
    Orc (2/2) D:11         Vaults (0/5) D:13
    Elf: Orc:2

Altars:
Ashenzari
Cheibriados
Dithmenos
Fedhas
Gozag
Hepliaklqana
Makhleb
Nemelex Xobeh
Okawaru
Qazlal
Ru
Sif Muna
Trog
Uskayaw
Vehumet
Wu Jian
Xom
Yredelemnul
Zin
The Shining One
Lugonu

Shops:
D:5 !   D:7 [[=*:   Shoals:2 ([:   Snake:1 ?*   Snake:2 (   Snake:3 *

Portals:
Abyss: Lair:5

Annotations:
Temple 4 transporters


Innate Abilities, Weirdness & Mutations

You have very sharp teeth.
Your uncanny sense of smell can sniff out nearby items.
Your experience applies equally to all skills.


Message History

What are your orders? t - Bark!
Orders for allies: a - Attack new target. r - Retreat! s - Stop attacking. g - Guard the area. f - Follow me.
Anything else - Cancel.
You bark for attention!
The forest calms down.
There is an open door here.
Space becomes stable.
Your dryad disappears in a puff of smoke!
This passage doesn't lead anywhere!
Your passage of Golubria closes with a snap!
What are your orders? t - Bark!
Orders for allies: a - Attack new target. r - Retreat! s - Stop attacking. g - Guard the area. f - Follow me.
Anything else - Cancel.
You bark for attention!
The fire dragon breathes flames at you. The blast of flame hits you!!!
The portal closes; your eldritch tentacle is severed.
The eldritch tentacle writhes!
The fire dragon breathes flames at you. The blast of flame hits you!!
There is an open door here.
The eldritch tentacle writhes!
Casting: Malign Gateway (dangerous; 12% risk of failure)
Confirm with . or Enter, or press ? or * to list all spells.
Aiming: Passage of Golubria (safe; 1% risk of failure)
Press: ? - help, Dir - move target The eldritch tentacle writhes!
The fire dragon breathes flames at you. The blast of flame hits you!!!
* * * LOW HITPOINT WARNING * * *
The eldritch tentacle writhes!
The fire dragon breathes flames at you. The blast of flame hits you!!!
You die...

#....Z.D....# ,,, ,
########...## ,,,+ ##.D#
,,∆, ##D# * * #.# ,, #.#
* ** #.# * #######'#####
* * #.....^@....#
####+### #...........#
#......#
#.....*─....####......##
#.......w...#♣)'......'.
#...........)..#......##
#..........^####......#
############# #......#
#......# ########


You could see a fire dragon (catching breath), an ice dragon and a neutral
eldritch tentacle (distracted).

Vanquished Creatures
  Vashnia (Snake:2)
  Jorgrun (Snake:3)
  Asterion (Snake:2)
  A kraken (Shoals:4)
  A nagaraja (Snake:2)
  Nessos (Lair:5)
  The ghost of kairosrom117 the Arsonist, a journeyman DrFE of Vehumet (Lair:4)
  A merfolk javelineer (Shoals:2)
  4 hydras
  Erolcha (Orc:1)
  2 ogre magi (D:11)
  2 boulder beetles (D:11)
  2 death knights
  4 anacondas
  2 two-headed ogres (D:11)
  4 catoblepae
  A merfolk avatar (Shoals:3)
  Erica (D:9)
  A centaur warrior (D:13)
  A thrashing horror (Lair:5)
  A naga warrior (Snake:1)
  5 naga sharpshooters
  A shock serpent (Snake:2)
  3 skeletal warriors (D:12)
  2 sea snakes
  An orc knight (D:11)
  6 mana vipers
  2 manticores
  5 salamanders
  4 ugly things
  7 black mambas
  A merfolk siren (Shoals:3)
  A cyclops (shapeshifter) (Lair:5)
  The ghost of Nabski the Destroyer, a novice TeFE of Elyvilon (D:5)
  2 guardian serpents
  An orange demon (Lair:2)
  2 naga magi
  6 cane toads
  An unseen horror (D:12)
  A gargoyle (D:11)
  4 komodo dragons
  An efreet (D:11)
  A tengu conjurer (D:11)
  An ancient zyme (Lair:5)
  4 merfolk
  3 trolls
  3 polar bears
  2 large abominations (Lair:5)
  Prince Ribbit (D:8)
  A hornet (D:10)
  A hornet (shapeshifter) (Lair:5)
  2 snapping turtles (Shoals:4)
  2 dream sheep
  17 blink frogs
  3 water elementals
  A ynoxinul (Lair:5)
  3 shadows
  26 yaks
  A vampire (D:11)
  A wyvern (D:10)
  4 basilisks
  A chaos spawn (Lair:5)
  2 steam dragons
  8 vampire mosquitoes
  8 nagas
  A warg (Orc:1)
  11 water moccasins
  Duvessa (D:7)
  A spectral snapping turtle (Shoals:3)
  An ice beast (D:8)
  3 sky beasts (D:7)
  3 orc warriors (Orc:2)
  A black bear (D:6)
  2 ogres
  21 wolves (Lair:2)
  10 centaurs
  2 phantoms
  A kobold brigand (D:5)
  2 gnoll sergeants
  2 necrophages (D:6)
  3 scorpions
  11 bullfrogs
  13 wights
  2 jellies
  4 killer bees
  5 howler monkeys
  2 electric eels (Lair:2)
  4 lava snakes
  A hound (D:6)
  5 orc priests
  6 small abominations (Lair:5)
  3 iguanas
  Ijyb (D:3)
  7 orc wizards
  7 hell rats
  A nameless horror (Snake:2)
  14 gnolls
  7 adders
  3 shadow imps
  2 ufetubi
  2 worms
  2 dart slugs
  30 orcs
  5 bats
  6 endoplasms
  A giant cockroach (D:2)
  5 goblins
  7 hobgoblins
  3 jackals (D:4)
  18 kobolds
  3 quokkas
  2 ball pythons (D:4)
  4 frilled lizards
  4 rats
  2 butterflies (Lair:3)
  2 snaplasher vines
446 creatures vanquished.

Vanquished Creatures (collateral kills)
  Mara (Snake:3)
  Bai Suzhen (Snake:3)
  Polyphemus (Shoals:2)
  3 eldritch tentacles
  A kraken (Shoals:4)
  The ghost of Heluore the Spry, an adept DsGl of Wu Jian (Shoals:3)
  Ilsuiw (Shoals:3)
  A frost giant (Shoals:4)
  Aizul (Snake:2)
  The ghost of Esekla the Eclecticist, an adept VSDe of Vehumet (Snake:3)
  5 merfolk impalers
  7 merfolk javelineers
  A fire dragon (D:14)
  2 hydras (Lair:5)
  Fannar (Orc:1)
  A salamander tyrant (Snake:4)
  A demonspawn (Orc:2)
  2 centaur warriors
  3 merfolk avatars
  4 anacondas
  An ice dragon (D:14)
  2 alligator snapping turtles
  A boulder beetle (D:11)
  6 merfolk aquamancers
  4 death yaks (Shoals:2)
  A satyr (Shoals:4)
  A death knight (D:11)
  4 two-headed ogres
  2 tengu warriors
  5 naga warriors
  An orc high priest (Orc:2)
  8 naga sharpshooters
  4 shock serpents
  2 thrashing horrors (Lair:5)
  A sun demon (Orc:2)
  A skeletal warrior (D:14)
  3 skysharks
  A salamander mystic (Snake:2)
  11 sea snakes
  3 naga ritualists
  A wizard (D:11)
  18 harpies
  2 phantasmal warriors (D:14)
  An obsidian statue (Snake:3)
  A necromancer (D:13)
  A large abomination (Lair:5)
  An orc sorcerer (Orc:2)
  4 mana vipers
  2 orc knights (Orc:2)
  7 fauns
  10 salamanders
  A deep elf pyromancer (D:13)
  8 cyclopes
  A moth of wrath (Shoals:4)
  11 manticores
  3 elephants (Lair:5)
  8 merfolk sirens
  2 guardian serpents
  A smoke demon (Lair:5)
  A torpor snail (Lair:4)
  13 black mambas
  2 gargoyles
  6 water nymphs
  2 cane toads (Lair:5)
  13 naga magi
  A komodo dragon (Lair:5)
  A spectral merfolk (Shoals:3)
  2 freezing wraiths
  23 merfolk
  4 trolls
  4 wind drakes
  15 blink frogs (Lair:5)
  9 dream sheep
  5 snapping turtles
  7 water elementals
  4 yaks (Lair:5)
  A wraith (D:11)
  A wyvern (D:11)
  4 vampire mosquitoes (D:13)
  2 chaos spawn (Lair:5)
  2 basilisks (Lair:5)
  A warg (Orc:2)
  An acid dragon (D:12)
  29 nagas
  A water moccasin (Lair:5)
  2 spectral snapping turtles (Shoals:3)
  2 merfolk simulacra (Shoals:3)
  15 orc warriors
  4 centaurs
  5 small abominations (Lair:5)
  A spectral cyclops (Shoals:3)
  A water nymph simulacrum (Shoals:3)
  A snapping turtle simulacrum (Shoals:3)
  4 howler monkeys
  2 jellies (Lair:5)
  8 orc priests
  6 orc wizards
  4 hell rats (Lair:5)
  2 nameless horrors
  2 gnolls (D:11)
  38 orcs
  2 plants
  5 tentacles (Shoals:4)
442 creatures vanquished.

Vanquished Creatures (others)
  20 eldritch tentacles
  Amaemon (Lair:2)
  A black mamba (Snake:3)
  2 wyverns
  2 yaks (Lair:2)
  Menkaure (D:7)
  A water moccasin (Lair:1)
  An orc warrior (D:8)
  16 wolves (Lair:2)
  A centaur (D:6)
  A bullfrog (D:8)
  2 wights (D:8)
  Dowan (D:7)
  3 killer bees (D:8)
  3 hell rats (Lair:1)
  2 orcs
  3 ball lightnings (Snake:3)
  41 fulminant prisms
  34 fungi
  85 plants
  7 snaplasher vines
  6 tentacles (Shoals:4)
234 creatures vanquished.

Grand Total: 1122 creatures vanquished

Notes
Turn   | Place    | Note
-------+----------+-------------------------------------------
     0 | D:1      | NinjaNoafa the Gnoll Conjurer began the quest for the Orb.
     0 | D:1      | Reached XP level 1. HP: 13/13 MP: 6/6
   386 | D:1      | Reached XP level 2. HP: 19/19 MP: 5/7
   393 | D:1      | Learned a level 2 spell: Searing Ray
   873 | D:2      | Found a broken altar of Ashenzari.
  1048 | D:2      | Reached skill level 5 in Spellcasting
  1048 | D:2      | Reached XP level 3. HP: 25/25 MP: 4/9
  1312 | D:3      | Reached skill level 1 in Invocations
  1370 | D:3      | Learned a level 3 spell: Dazzling Flash
  1466 | D:3      | Noticed Ijyb
  1563 | D:3      | Reached skill level 1 in Fighting
  1563 | D:3      | Reached skill level 1 in Short Blades
  1563 | D:3      | Reached skill level 1 in Long Blades
  1563 | D:3      | Reached skill level 1 in Axes
  1563 | D:3      | Reached skill level 1 in Maces & Flails
  1563 | D:3      | Reached skill level 1 in Polearms
  1563 | D:3      | Reached skill level 1 in Staves
  1563 | D:3      | Reached skill level 1 in Ranged Weapons
  1563 | D:3      | Reached skill level 1 in Throwing
  1563 | D:3      | Reached skill level 1 in Armour
  1563 | D:3      | Reached skill level 1 in Shields
  1563 | D:3      | Reached skill level 1 in Unarmed Combat
  1563 | D:3      | Reached skill level 1 in Evocations
  1653 | D:2      | Became a worshipper of Ashenzari the Shackled
  1767 | D:3      | Found a broken altar of Ashenzari.
  1975 | D:3      | Killed Ijyb
  1976 | D:3      | Reached XP level 4. HP: 32/32 MP: 1/11
  2070 | D:4      | You fall into a shaft and drop 1 floor!
  2070 | D:5      | Entered Level 5 of the Dungeon
  2152 | D:4      | Reached skill level 1 in Hexes
  2152 | D:4      | Reached skill level 1 in Summonings
  2152 | D:4      | Reached skill level 1 in Necromancy
  2152 | D:4      | Reached skill level 1 in Translocations
  2152 | D:4      | Reached skill level 1 in Transmutations
  2152 | D:4      | Reached skill level 1 in Fire Magic
  2152 | D:4      | Reached skill level 1 in Ice Magic
  2152 | D:4      | Reached skill level 1 in Air Magic
  2152 | D:4      | Reached skill level 1 in Earth Magic
  2152 | D:4      | Reached skill level 1 in Poison Magic
  2437 | D:4      | Noticed a gnoll sergeant
  2503 | D:4      | Reached XP level 5. HP: 23/37 MP: 1/12
  2586 | D:4      | Reached skill level 2 in Invocations
  2593 | D:4      | Reached XP level 6. HP: 29/44 MP: 1/13
  2677 | D:4      | Reached skill level 5 in Dodging
  2847 | D:4      | Reached * piety under Ashenzari
  2988 | D:5      | Reached XP level 7. HP: 35/50 MP: 5/15
  3015 | D:5      | Found a runed translucent gate.
  3016 | D:5      | Found a runed translucent gate.
  3016 | D:5      | Found a runed translucent gate.
  3016 | D:5      | Noticed Nabski's ghost (novice TeFE)
  3050 | D:5      | Found an iron altar of Okawaru.
  3050 | D:5      | Found an opulent altar of Gozag.
  3075 | D:5      | Learned a level 3 spell: Mephitic Cloud
  3322 | D:5      | Found Lokayl's Distillery.
  3684 | D:6      | Reached skill level 5 in Stealth
  3734 | D:6      | Reached skill level 3 in Invocations
  3743 | D:6      | Reached XP level 8. HP: 18/58 MP: 1/16
  3799 | D:5      | Reached ** piety under Ashenzari
  3805 | D:5      | Learned a level 4 spell: Fulminant Prism
  3809 | D:5      | Learned a level 3 spell: Summon Guardian Golem
  3814 | D:5      | Learned a level 4 spell: Iskenderun's Mystic Blast
  4282 | D:6      | Reached skill level 4 in Invocations
  4303 | D:7      | Noticed Duvessa
  4303 | D:7      | Noticed Dowan
  4304 | D:7      | Found Cealeneg's Armour Shoppe.
  4328 | D:7      | Killed Dowan
  4351 | D:7      | Noticed Menkaure
  4360 | D:7      | Killed Duvessa
  4367 | D:7      | Killed Menkaure
  4388 | D:7      | Bought the +1 cloak of Starlight {*Dazzle EV+4 Stlth--} for
                  | 335 gold pieces
  4388 | D:7      | Found the +1 cloak of Starlight {*Dazzle EV+4 Stlth--}
  4437 | D:7      | Reached XP level 9. HP: 68/68 MP: 6/20
  4494 | D:7      | Found a staircase to the Ecumenical Temple.
  4517 | Temple   | Entered the Ecumenical Temple
  4517 | Temple   | Found a transporter.
  4517 | Temple   | Found a transporter.
  4519 | Temple   | Found a transporter.
  4519 | Temple   | Found a transporter.
  4695 | D:5      | Killed Nabski's ghost
  4845 | D:7      | Found Unymmy's Armour Shop.
  4894 | D:7      | Found Obbao's Jewellery Shoppe.
  4939 | D:7      | Found Oddadwy's Book Emporium.
  4993 | D:7      | Found Lusoetah's General Store.
  5069 | D:7      | Found a shimmering altar of Xom.
  5196 | D:7      | Reached skill level 5 in Invocations
  5284 | D:8      | Found a blossoming altar of Fedhas.
  5346 | D:8      | Reached skill level 5 in Fighting
  5346 | D:8      | Reached skill level 5 in Short Blades
  5346 | D:8      | Reached skill level 5 in Long Blades
  5346 | D:8      | Reached skill level 5 in Axes
  5346 | D:8      | Reached skill level 5 in Maces & Flails
  5346 | D:8      | Reached skill level 5 in Polearms
  5346 | D:8      | Reached skill level 5 in Staves
  5346 | D:8      | Reached skill level 5 in Ranged Weapons
  5346 | D:8      | Reached skill level 5 in Throwing
  5346 | D:8      | Reached skill level 5 in Armour
  5346 | D:8      | Reached skill level 5 in Shields
  5346 | D:8      | Reached skill level 5 in Unarmed Combat
  5346 | D:8      | Reached skill level 5 in Evocations
  5346 | D:8      | Reached XP level 10. HP: 28/76 MP: 0/22
  5576 | D:8      | Noticed Prince Ribbit
  5586 | D:8      | Killed Prince Ribbit
  5774 | D:8      | Noticed a four-headed hydra
  5819 | D:8      | Killed a four-headed hydra
  5820 | D:8      | Reached skill level 6 in Invocations
  6244 | D:9      | Found a staircase to the Lair.
  6381 | D:9      | Noticed Erica
  6399 | D:9      | Killed Erica
  6496 | D:9      | Reached *** piety under Ashenzari
  6497 | D:9      | Found a hide-covered altar of Uskayaw.
  6680 | Lair:1   | Entered Level 1 of the Lair of Beasts
  6680 | Lair:1   | Noticed a black mamba
  6724 | D:10     | Entered Level 10 of the Dungeon
  6747 | D:10     | Found a glowing golden altar of the Shining One.
  6810 | D:10     | Reached skill level 5 in Hexes
  6810 | D:10     | Reached skill level 5 in Summonings
  6810 | D:10     | Reached skill level 5 in Necromancy
  6810 | D:10     | Reached skill level 5 in Translocations
  6810 | D:10     | Reached skill level 5 in Transmutations
  6810 | D:10     | Reached skill level 5 in Fire Magic
  6810 | D:10     | Reached skill level 5 in Ice Magic
  6810 | D:10     | Reached skill level 5 in Air Magic
  6810 | D:10     | Reached skill level 5 in Earth Magic
  6810 | D:10     | Reached skill level 5 in Poison Magic
  6810 | D:10     | Reached XP level 11. HP: 87/87 MP: 8/25
  6826 | D:10     | Identified the +2 chain mail "Fowepan" {rF+ Dex+3}
  6849 | D:10     | Reached **** piety under Ashenzari
  6934 | D:10     | Learned a level 4 spell: Passage of Golubria
  7394 | Lair:1   | Reached skill level 7 in Invocations
  8229 | Lair:2   | Identified the +1 ring mail "Xomuhyusm" {Regen+ Str+6 Dex-4
                  | Stlth-}
  8318 | Lair:2   | Found a shimmering blue altar of Sif Muna.
  8369 | Lair:2   | Noticed Amaemon
  8389 | Lair:2   | Killed Amaemon
  8396 | Lair:2   | Reached XP level 12. HP: 98/102 MP: 25/29
  8398 | Lair:2   | Noticed a catoblepas
  8409 | Lair:2   | Reached skill level 8 in Invocations
  8419 | Lair:2   | Killed a catoblepas
  8803 | Lair:3   | Found a staircase to the Snake Pit.
  8848 | Lair:3   | Noticed a four-headed hydra
  8860 | Lair:3   | Killed a four-headed hydra
  8906 | Lair:3   | Found a staircase to the Shoals.
  9051 | Lair:3   | Learned a level 2 spell: Blink
  9524 | Lair:4   | Reached XP level 13. HP: 68/109 MP: 31/31
  9527 | Lair:4   | Reached ***** piety under Ashenzari
  9752 | D:7      | Bought a book of Ice for 552 gold pieces
  9760 | D:7      | Learned a level 5 spell: Freezing Cloud
  9824 | D:9      | Learned a level 5 spell: Silence
  9969 | D:11     | Reached skill level 9 in Invocations
  9990 | D:11     | Reached skill level 10 in Conjurations
 10052 | D:11     | Learned a level 6 spell: Simulacrum
 10056 | D:11     | Identified the Cyclopedia of Fanaticism
 10112 | D:11     | Reached skill level 10 in Spellcasting
 10299 | D:12     | Reached skill level 10 in Dodging
 10364 | D:12     | Learned a level 2 spell: Wereblood
 10825 | D:11     | Reached skill level 10 in Stealth
 10919 | D:11     | Learned a level 6 spell: Death Channel
 11150 | Lair:5   | Entered Level 5 of the Lair of Beasts
 11206 | Lair:4   | Found a runed translucent door.
 11227 | Lair:4   | Reached XP level 14. HP: 96/119 MP: 33/33
 11299 | Lair:4   | Found a large runed translucent door.
 11311 | Lair:4   | Found a large runed translucent door.
 11312 | Lair:4   | Noticed kairosrom117's ghost (journeyman DrFE)
 11329 | Lair:4   | Reached skill level 10 in Invocations
 11500 | D:7      | Bought a +1 pair of gloves of infusion for 231 gold pieces
 12015 | Lair:4   | Killed kairosrom117's ghost
 12103 | Lair:5   | Noticed Nessos
 12117 | Lair:5   | Killed Nessos
 12734 | Lair:5   | Found a corrupted altar of Lugonu.
 12765 | Lair:5   | Found a one-way gate to the infinite horrors of the Abyss.
 12948 | Lair:5   | Found a staircase to the Slime Pits.
 13251 | D:11     | Learned a level 6 spell: Summon Cactus Giant
 13569 | D:11     | Reached skill level 10 in Fighting
 13569 | D:11     | Reached skill level 10 in Short Blades
 13569 | D:11     | Reached skill level 10 in Long Blades
 13569 | D:11     | Reached skill level 10 in Axes
 13569 | D:11     | Reached skill level 10 in Maces & Flails
 13569 | D:11     | Reached skill level 10 in Polearms
 13569 | D:11     | Reached skill level 10 in Staves
 13569 | D:11     | Reached skill level 10 in Ranged Weapons
 13569 | D:11     | Reached skill level 10 in Throwing
 13569 | D:11     | Reached skill level 10 in Armour
 13569 | D:11     | Reached skill level 10 in Shields
 13569 | D:11     | Reached skill level 10 in Unarmed Combat
 13569 | D:11     | Reached skill level 10 in Evocations
 13619 | D:11     | Found a staircase to the Orcish Mines.
 13665 | Orc:1    | Entered Level 1 of the Orcish Mines
 13867 | Orc:1    | Noticed Fannar
 13886 | Orc:1    | Killed Fannar
 13900 | Orc:1    | Noticed Erolcha
 13913 | Orc:1    | Killed Erolcha
 14005 | Orc:2    | Entered Level 2 of the Orcish Mines
 14042 | Orc:2    | Reached XP level 15. HP: 98/129 MP: 3/35
 14048 | Orc:2    | Reached skill level 11 in Invocations
 14298 | D:7      | Bought the ring of Buusif {rElec Int+6} for 700 gold pieces
 14858 | D:13     | Found a gate to the Vaults.
 14858 | D:13     | Identified the ring of Erhiuxzamu {rElec Will+}
 15068 | Snake:1  | Entered Level 1 of the Snake Pit
 15090 | Snake:1  | Found a shadowy altar of Dithmenos.
 15350 | Snake:1  | Found Ruxzepo's Magic Scroll Shop.
 15357 | Snake:1  | Bought a scroll of amnesia for 44 gold pieces
 15358 | Snake:1  | Found Jocsikua's Assorted Antiques.
 15368 | Snake:1  | Learned a level 5 spell: Summon Forest
 15412 | Snake:1  | Identified the +1 leather armour "Sutes" {SInv}
 15888 | Snake:2  | Noticed Vashnia
 15888 | Snake:2  | Noticed Aizul
 16013 | Snake:2  | Killed Aizul
 16048 | Snake:2  | Noticed a nagaraja
 16089 | Snake:2  | Killed Vashnia
 16094 | Snake:2  | Killed a nagaraja
 16480 | Snake:2  | Noticed Asterion
 16494 | Snake:2  | Noticed an Executioner
 16496 | Snake:2  | Killed Asterion
 16543 | Snake:2  | Reached XP level 16. HP: 139/139 MP: 25/37
 16655 | Snake:1  | Bought a scroll of amnesia for 44 gold pieces
 16745 | Shoals:1 | Entered Level 1 of the Shoals
 16750 | Shoals:1 | Reached skill level 12 in Invocations
 16818 | Shoals:1 | Learned a level 7 spell: Malign Gateway
 17294 | Shoals:2 | Found Esytaudo's Armour Boutique.
 17355 | Shoals:2 | Found Natuup's Antique Weapon Shoppe.
 17495 | Shoals:2 | Identified the +4 robe of Good Intentions {Fly rPois rC-}
 17542 | Shoals:2 | Noticed Polyphemus
 17555 | Shoals:2 | Killed Polyphemus
 18042 | Snake:2  | Found Quwkas's Antique Weapon Shop.
 18476 | Snake:3  | Identified Performing Successful Thaumaturgy
 18542 | Snake:3  | Noticed Jorgrun
 18556 | Snake:3  | Killed Jorgrun
 18701 | Snake:3  | Noticed Bai Suzhen
 18721 | Snake:4  | Entered Level 4 of the Snake Pit
 19022 | Snake:3  | Killed Bai Suzhen
 19069 | Snake:3  | Noticed Mara
 19080 | Snake:3  | Noticed NinjaNoafa's illusion
 19080 | Snake:3  | Killed Mara
 19081 | Snake:3  | Reached XP level 17. HP: 147/147 MP: 20/39
 19161 | Snake:3  | Reached skill level 10 in Hexes
 19161 | Snake:3  | Reached skill level 10 in Summonings
 19161 | Snake:3  | Reached skill level 10 in Necromancy
 19161 | Snake:3  | Reached skill level 10 in Translocations
 19161 | Snake:3  | Reached skill level 10 in Transmutations
 19161 | Snake:3  | Reached skill level 10 in Fire Magic
 19161 | Snake:3  | Reached skill level 10 in Ice Magic
 19161 | Snake:3  | Reached skill level 10 in Air Magic
 19161 | Snake:3  | Reached skill level 10 in Earth Magic
 19161 | Snake:3  | Reached skill level 10 in Poison Magic
 19394 | Snake:3  | Found a runed translucent gate.
 19394 | Snake:3  | Found a runed translucent gate.
 19394 | Snake:3  | Found a runed translucent gate.
 19930 | Snake:3  | Found an opulent altar of Gozag.
 19931 | Snake:3  | Noticed Esekla's ghost (adept VSDe)
 19936 | Snake:3  | Found Ummaex Utic's Assorted Antiques.
 19956 | Snake:3  | Killed Esekla's ghost
 19994 | Snake:3  | Reached skill level 13 in Invocations
 20337 | D:5      | Bought a potion of experience for 650 gold pieces
 20870 | Snake:4  | Reached XP level 18. HP: 54/151 MP: 10/38
 21047 | Shoals:2 | Found Qinay's Book Emporium.
 21407 | Shoals:3 | Found a runed translucent gate.
 21407 | Shoals:3 | Found a runed translucent gate.
 21408 | Shoals:3 | Found a runed translucent gate.
 21491 | Shoals:3 | Noticed Heluore's ghost (adept DsGl)
 21525 | Shoals:3 | Killed Heluore's ghost
 21607 | Shoals:4 | Entered Level 4 of the Shoals
 21622 | Shoals:3 | Noticed Ilsuiw
 21643 | Shoals:3 | Killed Ilsuiw
 22866 | Shoals:4 | Reached XP level 19. HP: 132/159 MP: 31/40
 23158 | Shoals:4 | Reached skill level 14 in Invocations
 23177 | Shoals:4 | Got a barnacled rune of Zot
 24771 | D:14     | Found a runed translucent door.
 24773 | D:14     | Found the +2 shield of Resistance {rF++ rC++ Will++}
 24825 | D:14     | Killed from afar by a fire dragon

Illustrated notes

Levels and vault maps discovered:
D:1:      shiori_shiawase, layout_loops_corners, nrook_mini_backslash
D:2:      layout_basic, basic_altar
D:3:      layout_basic, mainiacjoe_overflow_small_starburst, uniq_ijyb
D:4:      layout_basic, minmay_box_of_dots
D:5:      layout_cave_pods, mainiacjoe_overflow_catch_the_wave,
          gammafunk_ghost_nasty_kobolds, serial_shops,
          nicolae_shop_hallway_plus, serial_bayou_pond_e
D:6:      layout_loops_cross
D:7:      layout_loops_ring, mainiacjoe_overflow_brackets,
          minmay_temple_entry_junction, serial_shops,
          nicolae_shop_hallway_stairs, shop, shop, kennysheep_little_box,
          nicolae_shop_statue_plus, minmay_tree_intersection, uniq_duvessa,
          uniq_menkaure
D:8:      layout_basic, fedhas_altar_2, kennysheep_island_fort,
          uniq_prince_ribbit1
D:9:      layout_long_grid, mainiacjoe_overflow_24_doors, dpeg_oklobed_lair,
          st_stairs_14, kennysheep_nondescript, uniq_erica
D:10:     layout_gridville, tso_metal_star
D:11:     minmay_the_grid_3x2 [minmay_the_grid_minigrid_small,
          minmay_the_grid_outer_circle, minmay_the_grid_stretched_grid,
          minmay_the_grid_all_tris, minmay_the_grid_fan,
          minmay_the_grid_prize_inner_circle], layout_irregular_city,
          hiddenorc1_lemuel, grunt_tough_drop
D:12:     layout_small_grid
D:13:     layout_long_grid, david_vaults_4
D:14:     layout_roguey, serial_shops, shop_statue, good_gods_mini_temple,
          minmay_guarded_unrand_resistance
Temple:   hellmonk_temple_divided_pantheon
Lair:1:   layout_cave_pods, grunt_megastairs_4, infiniplex_staircase_pool_2
Lair:2:   layout_small_grid, basic_altar, chequers_serial_rivers_micro_e,
          grunt_forest_large_clearings, infiniplex_staircase_pool,
          serial_bayou_shore_a, grunt_megastairs_2, uniq_amaemon
Lair:3:   layout_concentric_octagons, elwin_shoals_entry_rooms,
          nicolae_snake_entry_warm_welcome, lemuel_fruit_fields
Lair:4:   layout_cave_shapes, ebering_ghost_disaster_area, pf_torpor_hydra
Lair:5:   hellmonk_lair_end_abyssal_woods, layout_loops_ring,
          nicolae_slime_entry_field_trip, uniq_nessos
Shoals:1: layout_shoals
Shoals:2: layout_shoals, serial_shops, nicolae_shop_statue_plus,
          nicolae_shop_window_shopping, nicolae_diamond_shop,
          nicolae_diamond_shop, uniq_polyphemus
Shoals:3: layout_shoals, gammafunk_ghost_necromancy, uniq_ilsuiw
Shoals:4: shoals_end_grunt_ice, layout_shoals, shoal_ilsuiw,
          nicolae_shoals_wave_tunnel
Snake:1:  layout_chambers, basic_altar, minmay_shoptagon
Snake:2:  layout_chambers, serial_shops, nicolae_square_shop, uniq_vashnia,
          uniq_asterion, uniq_aizul
Snake:3:  layout_layer_cave, ebering_ghost_gozag, uniq_jorgrun, uniq_mara,
          uniq_bai_suzhen
Snake:4:  snake_pit, layout_cave_town
Orc:1:    layout_caves, uniq_fannar, uniq_erolcha
Orc:2:    pf_orc_diabolical, layout_caves, kennysheep_orc_sif_temple

Skill      XL: |  1  2  3  4  5  6  7  8  9 10 11 12 13 14 15 16 17 18 19 |
---------------+----------------------------------------------------------+-----
Spellcasting   | 5 6 7 8 9 10 11 12 13 | 13.9
Invocations    | 1 2 3 4 5 6 7 8 9 10 11 12 13 14 | 14.1
Fighting       | 1 2 3 5 6 7 8 9 10 11 12 13 | 13.0
Short Blades   | 1 2 3 5 6 7 8 9 10 11 12 13 | 13.0
Long Blades    | 1 2 3 5 6 7 8 9 10 11 12 13 | 13.0
Axes           | 1 2 3 5 6 7 8 9 10 11 12 13 | 13.0
Maces & Flails | 1 2 3 5 6 7 8 9 10 11 12 13 | 13.0
Polearms       | 1 2 3 5 6 7 8 9 10 11 12 13 | 13.0
Staves         | 1 2 3 5 6 7 8 9 10 11 12 13 | 13.0
Ranged Weapons | 1 2 3 5 6 7 8 9 10 11 12 13 | 13.4
Throwing       | 1 2 3 5 6 7 8 9 10 11 12 13 | 13.0
Armour         | 1 2 3 5 6 7 8 9 10 11 12 13 | 13.0
Shields        | 1 2 3 5 6 7 8 9 10 11 12 13 | 13.0
Unarmed Combat | 1 2 3 5 6 7 8 9 10 11 12 13 | 13.0
Evocations     | 1 2 3 5 6 7 8 9 10 11 12 13 | 13.0
Hexes          | 1 2 3 4 5 6 7 8 9 10 11 | 11.0
Summonings     | 1 2 3 4 5 6 7 8 9 10 11 | 11.0
Necromancy     | 1 2 3 4 5 6 7 8 9 10 11 | 11.0
Translocations | 1 2 3 4 5 6 7 8 9 10 11 | 11.0
Transmutations | 1 2 3 4 5 6 7 8 9 10 11 | 11.0
Fire Magic     | 1 2 3 4 5 6 7 8 9 10 11 | 11.0
Ice Magic      | 1 2 3 4 5 6 7 8 9 10 11 | 11.0
Air Magic      | 1 2 3 4 5 6 7 8 9 10 11 | 11.0
Earth Magic    | 1 2 3 4 5 6 7 8 9 10 11 | 11.0
Poison Magic   | 1 2 3 4 5 6 7 8 9 10 11 | 11.0
Dodging        | 5 6 7 8 9 10 11 12 13 | 13.7
Stealth        | 5 6 7 8 9 10 11 12 13 | 13.6
Conjurations   | 8 9 10 11 12 13 | 13.0

Action                     |  1- 3 |  4- 6 |  7- 9 | 10-12 | 13-15 | 16-18 | 19-21 || total
---------------------------+-------+-------+-------+-------+-------+-------+-------++-------
  Melee: Dagger            |     1 |       |       |       |       |       |       ||     1
         Staff             |    13 |     9 |    57 |   185 |   252 |    68 |    46 ||   630
         Bite              |     3 |       |     6 |    20 |    24 |    10 |    10 ||    73
         Rapier            |       |       |     9 |       |       |     1 |       ||    10
         Broad axe         |       |       |       |       |     1 |       |       ||     1
         Scimitar          |       |       |       |       |    19 |       |       ||    19
  Throw: Javelin           |       |       |       |     7 |     4 |       |       ||    11
         Boomerang         |       |       |       |       |     2 |     1 |       ||     3
   Cast: Magic Dart        |    51 |    23 |    13 |     9 |       |       |       ||    96
         Searing Ray       |    12 |    18 |    21 |    16 |     3 |       |       ||    70
         Mephitic Cloud    |       |       |     9 |    21 |    10 |       |       ||    40
         Dazzling Flash    |       |       |     1 |     3 |     8 |       |       ||    12
         Summon Guardian G |       |       |     7 |    14 |     2 |       |       ||    23
         Iskenderun's Myst |       |       |    21 |    78 |    17 |       |       ||   116
         Fulminant Prism   |       |       |    12 |    22 |     7 |       |       ||    41
         Passage of Golubr |       |       |       |     3 |     4 |    35 |     3 ||    45
         Blink             |       |       |       |     3 |     2 |     8 |     1 ||    14
         Simulacrum        |       |       |       |       |   119 |    79 |    27 ||   225
         Freezing Cloud    |       |       |       |       |    63 |    37 |     2 ||   102
         Wereblood         |       |       |       |       |    13 |     3 |       ||    16
         Death Channel     |       |       |       |       |    31 |    24 |     6 ||    61
         Silence           |       |       |       |       |     4 |       |       ||     4
         Summon Cactus Gia |       |       |       |       |    23 |    45 |    11 ||    79
         Summon Forest     |       |       |       |       |     7 |    22 |     6 ||    35
         Malign Gateway    |       |       |       |       |       |    21 |     3 ||    24
 Invoke: Curse Item        |       |     2 |     1 |     5 |     2 |       |       ||    10
         Shatter the Chain |       |       |       |     1 |     1 |     1 |       ||     3
  Evoke: Wand              |       |     3 |     1 |       |     6 |     4 |       ||    14
         Lightning rod     |       |       |       |       |     3 |       |       ||     3
    Use: Scroll            |       |       |       |     2 |    12 |     6 |     3 ||    23
         Potion            |       |       |       |       |     4 |     4 |       ||     8
   Stab: Confused          |       |       |     1 |     5 |     1 |       |       ||     7
         Invisible         |       |       |       |    11 |     7 |     2 |     1 ||    21
         Distracted        |       |       |       |       |       |     2 |     1 ||     3
 Armour: Robe              |     8 |     6 |    44 |    25 |       |       |       ||    83
         Ring mail         |       |       |       |    62 |   159 |   119 |    28 ||   368
  Dodge: Dodged            |    13 |    25 |   117 |   186 |   284 |   185 |    41 ||   851
  Block: Buckler           |     2 |     6 |    30 |    27 |       |       |       ||    65
         Kite shield       |       |       |       |   113 |   293 |   175 |    28 ||   609
         Tower shield      |       |       |       |       |       |       |    51 ||    51
         Reflection        |       |       |       |       |       |       |    12 ||    12

Table legend: (Time is in decaauts)
 A = Elapsed time spent in this place.
 B = Non-inter-level travel time spent in this place.
 C = Inter-level travel time spent in this place.
 D = Time resting spent in this place.
 E = Time spent auto-exploring this place.
 F = Levels seen in this place.
 G = Mean time per level.
                   A        B        C        D        E       F      G
               +--------+--------+--------+--------+--------+-----+--------+
         Total |  25036 |  17435 |   7601 |     77 |   3168 |  30 |  834.5 |
       Dungeon |  12227 |   8209 |   4018 |     69 |    623 |  14 |  873.4 |
        Temple |     23 |     11 |     12 |      0 |      0 |   1 |   23.0 |
          Lair |   4522 |   2732 |   1790 |      0 |    266 |   5 |  904.4 |
        Shoals |   2937 |   2425 |    512 |      0 |    468 |   4 |  734.2 |
     Snake Pit |   4833 |   3646 |   1187 |      8 |   1742 |   4 | 1208.2 |
  Orcish Mines |    491 |    412 |     79 |      0 |     68 |   2 |  245.5 |
               +--------+--------+--------+--------+--------+-----+--------+

Top non-repeatable levels by time:
 Snake:3: 1668 daAuts
 Snake:2: 1625 daAuts
 Snake:1: 1461 daAuts
    D:10: 1378 daAuts
    D:11: 1281 daAuts
     D:9: 1199 daAuts
  Lair:1: 1077 daAuts
     D:5: 1069 daAuts
Shoals:4: 1036 daAuts
  Lair:3: 963 daAuts
  Lair:5: 960 daAuts
     D:7: 927 daAuts
     D:4: 875 daAuts
    D:12: 827 daAuts
     D:8: 792 daAuts
